TOP OF THE 1ST |
San Diego (APP) Padres batting - Pitching for Chicago (APP) Cubs : RHP Julio Arteaga
|
Pitching: RHP Julio Arteaga
|
|
Batting: SHB Adam Martin
|
0-0: Ball 1-0: Swinging Strike 1-1: Ball 2-1: Called Strike 2-2: SINGLE (Line Drive, 56, EV 105.6 MPH)
|
Batting: RHB Mike Maserang
|
0-0: Ground out 5-3 (Groundball, 56S, EV 66.3 MPH) Adam Martin to second
|
Batting: RHB Antonio Lara
|
0-0: Called Strike 0-1: Ball 1-1: Fly out, F5 (Popup, 25F, EV 93.1 MPH)
|
Batting: RHB Rich Justice
|
0-0: Called Strike 0-1: Ball 1-1: Ball 2-1: Ball 3-1: Ground out 5-3 (Groundball, 5L, EV 78.1 MPH)
|
Top of the 1st over - 0 runs, 1 hit, 0 errors, 1 left on base; San Diego (APP) 0 - Chicago (APP) 0 |
BOTTOM OF THE 1ST |
Chicago (APP) Cubs batting - Pitching for San Diego (APP) Padres : RHP Roger Watkins
|
Pitching: RHP Roger Watkins
|
|
Batting: RHB Garrett Granata
|
0-0: Ground out 3-1 (Groundball, 34, EV 101.3 MPH)
|
Batting: RHB Francisco Ramirez
|
0-0: Ball 1-0: Ball 2-0: Fly out, F9 (Flyball, 89D, EV 93.8 MPH)
|
Batting: RHB Tak-keung Chieu
|
0-0: Called Strike 0-1: Ball 1-1: Ball 2-1: Foul Ball, location: 2F 2-2: Fly out, F9 (Flyball, 89M, EV 76.9 MPH)
|
Bottom of the 1st over - 0 runs, 0 hits, 0 errors, 0 left on base; San Diego (APP) 0 - Chicago (APP) 0 |
TOP OF THE 2ND |
San Diego (APP) Padres batting - Pitching for Chicago (APP) Cubs : RHP Julio Arteaga
|
Batting: RHB Ruben Luis
|
0-0: Ground out 1-3 (Groundball, 23, EV 68.8 MPH)
|
Batting: RHB Tom Tate
|
0-0: Ball 1-0: Ball 2-0: Called Strike 2-1: Ball 3-1: Fly out, F5 (Line Drive, 5, EV 67.5 MPH)
|
Batting: SHB Ryan Brown
|
0-0: Called Strike 0-1: Ball 1-1: Swinging Strike 1-2: Strikes out looking
|
Top of the 2nd over - 0 runs, 0 hits, 0 errors, 0 left on base; San Diego (APP) 0 - Chicago (APP) 0 |
BOTTOM OF THE 2ND |
Chicago (APP) Cubs batting - Pitching for San Diego (APP) Padres : RHP Roger Watkins
|
Batting: RHB John Beddow
|
0-0: Ball 1-0: Ball 2-0: Foul Ball, location: 2F 2-1: Ball 3-1: Called Strike 3-2: Base on Balls
|
Batting: RHB John Madden
|
0-0: Ball Wild Pitch! John Beddow to second 1-0: Swinging Strike 1-1: Ball 2-1: Foul Ball, location: 2F 2-2: Foul Ball, location: 2F 2-2: Fly out, F8 (Line Drive, 8RM, EV 104.4 MPH)
|
Batting: RHB Jake Mitchell
|
0-0: Ground out 6-3 (Groundball, 6, EV 107.5 MPH)
|
Batting: RHB Ricky Lule
|
0-0: Called Strike 0-1: Swinging Strike 0-2: Ball 1-2: Fly out, F3 (Popup, 3, EV 53.1 MPH)
|
Bottom of the 2nd over - 0 runs, 0 hits, 0 errors, 1 left on base; San Diego (APP) 0 - Chicago (APP) 0 |
TOP OF THE 3RD |
San Diego (APP) Padres batting - Pitching for Chicago (APP) Cubs : RHP Julio Arteaga
|
Batting: RHB Justin Blount
|
0-0: Called Strike 0-1: Ball 1-1: Foul Ball, location: 2F 1-2: Ball 2-2: Strikes out looking
|
Batting: RHB Brent Little
|
0-0: Swinging Strike 0-1: Ball 1-1: Ball 2-1: SINGLE (Groundball, 4MD, EV 105.0 MPH)
|
Batting: SHB Adam Martin
|
0-0: Ball 1-0: Fielders Choice at 2nd, 4-6 (Groundball, 4, EV 100.6 MPH)
|
Batting: RHB Mike Maserang
|
0-0: Ball Adam Martin steals 2nd base 1-0: Ball 2-0: Called Strike 2-1: Ball 3-1: Foul Ball, location: 2F 3-2: Foul Ball, location: 2F 3-2: SINGLE (Line Drive, 6MD, EV 97.5 MPH) Adam Martin to third Runner from 3rd tries for Home, throw by CF and OUT! 8-2
|
Top of the 3rd over - 0 runs, 2 hits, 0 errors, 1 left on base; San Diego (APP) 0 - Chicago (APP) 0 |
BOTTOM OF THE 3RD |
Chicago (APP) Cubs batting - Pitching for San Diego (APP) Padres : RHP Roger Watkins
|
Batting: RHB Jonathan Ridgely
|
0-0: Swinging Strike 0-1: Foul Ball, location: 2F 0-2: Ball 1-2: Ball 2-2: Ball 3-2: Base on Balls
|
Batting: RHB Michael Jackson
|
0-0: Ball 1-0: TRIPLE (Flyball, 89XD, EV 96.3 MPH) Jonathan Ridgely scores
|
Batting: RHB Garrett Granata
|
0-0: Ball 1-0: Ground out 5-3 (Groundball, 5, EV 102.5 MPH)
|
Batting: RHB Francisco Ramirez
|
0-0: Called Strike 0-1: Fly out, F8 (Flyball, 8LD, EV 103.8 MPH) Runner from 3rd tags up, SCORES, throw by CF
|
Now in CF: Paul Adams
|
|
Batting: RHB Tak-keung Chieu
|
0-0: Ball 1-0: Called Strike 1-1: Ball 2-1: Fly out, F7 (Flyball, 7, EV 83.8 MPH)
|
Bottom of the 3rd over - 2 runs, 1 hit, 0 errors, 0 left on base; San Diego (APP) 0 - Chicago (APP) 2 |
TOP OF THE 4TH |
San Diego (APP) Padres batting - Pitching for Chicago (APP) Cubs : RHP Julio Arteaga
|
Batting: RHB Antonio Lara
|
0-0: Called Strike 0-1: Ball 1-1: Ball 2-1: Ball 3-1: Base on Balls
|
Batting: RHB Rich Justice
|
0-0: Fielders Choice at 2nd, 3-6 (Groundball, 3, EV 88.1 MPH)
|
Batting: RHB Ruben Luis
|
0-0: Called Strike 0-1: Ball 1-1: Ball 2-1: Reached on error, E6 (Groundball, 6, EV 85.0 MPH) Rich Justice to second
|
Batting: RHB Tom Tate
|
0-0: Foul Ball, location: 2F 0-1: Foul Ball, location: 2F 0-2: Foul Ball, location: 2F 0-2: Ball 1-2: Ball 2-2: Ball Wild Pitch! Rich Justice to third Ruben Luis to second 3-2: Foul Ball, location: 2F 3-2: Foul Ball, location: 2F 3-2: Foul Ball, location: 2F 3-2: Foul Ball, location: 2F 3-2: Ground out 5-3 (Groundball, 56, EV 98.1 MPH) Rich Justice scores
|
Batting: SHB Ryan Brown
|
0-0: Ball 1-0: Ball 2-0: Called Strike 2-1: Fly out, F6 (Line Drive, 6, EV 63.1 MPH)
|
Top of the 4th over - 1 run, 0 hits, 1 error, 1 left on base; San Diego (APP) 1 - Chicago (APP) 2 |
BOTTOM OF THE 4TH |
Chicago (APP) Cubs batting - Pitching for San Diego (APP) Padres : RHP Roger Watkins
|
Batting: RHB John Beddow
|
0-0: SINGLE (Groundball, 34D, EV 94.4 MPH)
|
Batting: RHB John Madden
|
0-0: Called Strike 0-1: Ball Passed Ball! John Beddow to second 1-1: Ball 2-1: Fly out, F7 (Flyball, 7LS, EV 87.5 MPH)
|
Batting: RHB Jake Mitchell
|
0-0: Ball 1-0: Swinging Strike 1-1: SINGLE (Groundball, 4MD, EV 100.0 MPH) John Beddow to third Runner from 3rd tries for Home, SAFE, throw by CF to home
|
Batting: RHB Ricky Lule
|
0-0: Called Strike 0-1: Fly out, F9 (Flyball, 9, EV 80.6 MPH)
|
Batting: RHB Jonathan Ridgely
|
0-0: Foul Ball, location: 2F 0-1: Foul Ball, location: 2F 0-2: Ball 1-2: Foul Ball, location: 2F 1-2: Ball 2-2: Ball 3-2: Foul Ball, location: 2F 3-2: Strikes out swinging
|
Bottom of the 4th over - 1 run, 2 hits, 0 errors, 1 left on base; San Diego (APP) 1 - Chicago (APP) 3 |
TOP OF THE 5TH |
San Diego (APP) Padres batting - Pitching for Chicago (APP) Cubs : RHP Julio Arteaga
|
Batting: RHB Justin Blount
|
0-0: Ground out 6-3 (Groundball, 6, EV 108.1 MPH)
|
Batting: RHB Brent Little
|
0-0: Foul Ball, location: 2F 0-1: Called Strike 0-2: Foul Ball, location: 2F 0-2: Ball 1-2: Ball 2-2: Strikes out looking
|
Batting: LHB Paul Adams
|
0-0: Called Strike 0-1: Ball 1-1: Swinging Strike 1-2: Strikes out looking
|
Top of the 5th over - 0 runs, 0 hits, 0 errors, 0 left on base; San Diego (APP) 1 - Chicago (APP) 3 |
BOTTOM OF THE 5TH |
Chicago (APP) Cubs batting - Pitching for San Diego (APP) Padres : RHP Roger Watkins
|
Batting: RHB Michael Jackson
|
0-0: Called Strike 0-1: Ball 1-1: Ball 2-1: Called Strike 2-2: Foul Ball, location: 2F 2-2: Ground out 6-3 (Groundball, 6S, EV 83.8 MPH)
|
Batting: RHB Garrett Granata
|
0-0: Ball 1-0: Called Strike 1-1: Ball 2-1: Foul Ball, location: 2F 2-2: Ball 3-2: Base on Balls
|
Batting: RHB Francisco Ramirez
|
0-0: Ball 1-0: Ball 2-0: Called Strike 2-1: SINGLE (Groundball, 6MD, EV 96.9 MPH) Garrett Granata to second
|
Pitching: LHP A.J. Jantz
|
|
Batting: RHB Tak-keung Chieu
|
0-0: Ball 1-0: Ball 2-0: Ball 3-0: Base on Balls Garrett Granata to third Francisco Ramirez to second
|
Batting: RHB John Beddow
|
0-0: Called Strike 0-1: Ball 1-1: DOUBLE (Groundball, 3L, EV 98.1 MPH) Garrett Granata scores Francisco Ramirez scores Tak-keung Chieu to third
|
Batting: RHB John Madden
|
0-0: Ground out 6-3 (Groundball, 6, EV 83.8 MPH) Tak-keung Chieu scores
|
Batting: RHB Jake Mitchell
|
0-0: Ball 1-0: Ground out U3 (Groundball, 3, EV 76.9 MPH)
|
Bottom of the 5th over - 3 runs, 2 hits, 0 errors, 1 left on base; San Diego (APP) 1 - Chicago (APP) 6 |
TOP OF THE 6TH |
San Diego (APP) Padres batting - Pitching for Chicago (APP) Cubs : RHP Julio Arteaga
|
Batting: RHB Mike Maserang
|
0-0: Ball 1-0: Ball 2-0: Foul Ball, location: 2F 2-1: Ball 3-1: Called Strike 3-2: Foul Ball, location: 2F 3-2: Base on Balls
|
Batting: RHB Antonio Lara
|
0-0: Called Strike 0-1: Called Strike 0-2: Ball 1-2: Ball 2-2: Ground out 6-3 (Groundball, 6S, EV 73.1 MPH) Mike Maserang to second
|
Batting: RHB Rich Justice
|
0-0: Swinging Strike 0-1: Fly out, F9 (Line Drive, 9, EV 92.5 MPH)
|
Batting: RHB Ruben Luis
|
0-0: Fly out, F4 (Line Drive, 4, EV 61.9 MPH)
|
Top of the 6th over - 0 runs, 0 hits, 0 errors, 1 left on base; San Diego (APP) 1 - Chicago (APP) 6 |
BOTTOM OF THE 6TH |
Chicago (APP) Cubs batting - Pitching for San Diego (APP) Padres : LHP A.J. Jantz
|
Batting: RHB Ricky Lule
|
0-0: Called Strike 0-1: Swinging Strike 0-2: Foul Ball, location: 2F 0-2: Ball 1-2: Ball 2-2: Ball 3-2: Ground out 5-3 (Groundball, 56, EV 108.8 MPH)
|
Batting: RHB Jonathan Ridgely
|
0-0: Ball 1-0: DOUBLE (Line Drive, 89XD, EV 99.4 MPH)
|
Batting: RHB Michael Jackson
|
0-0: Swinging Strike 0-1: Ball 1-1: Foul Ball, location: 2F 1-2: SINGLE (Line Drive, 7S, EV 105.0 MPH) Jonathan Ridgely to third
|
Batting: RHB Garrett Granata
|
0-0: Fly out, F4 (Flyball, 4MD, EV 90.0 MPH)
|
Batting: RHB Francisco Ramirez
|
0-0: Called Strike 0-1: Ball 1-1: Ball 2-1: Swinging Strike 2-2: Ground out U3 (Groundball, 3, EV 96.9 MPH)
|
Bottom of the 6th over - 0 runs, 2 hits, 0 errors, 2 left on base; San Diego (APP) 1 - Chicago (APP) 6 |
TOP OF THE 7TH |
San Diego (APP) Padres batting - Pitching for Chicago (APP) Cubs : RHP Julio Arteaga
|
Batting: RHB Tom Tate
|
0-0: Ball 1-0: Called Strike 1-1: DOUBLE (Line Drive, 78M, EV 95.0 MPH)
|
Batting: SHB Ryan Brown
|
0-0: Foul Ball, location: 2F 0-1: Ball 1-1: Ground out 4-3 (Groundball, 4, EV 85.6 MPH) Tom Tate to third
|
Pitching: RHP Carlos Zavala
|
|
Batting: RHB Justin Blount
|
0-0: Foul Ball, location: 2F 0-1: Foul Ball, location: 2F 0-2: Foul Ball, location: 2F 0-2: Ball 1-2: Ball 2-2: Ball 3-2: Strikes out swinging
|
Batting: RHB Brent Little
|
0-0: Called Strike 0-1: Swinging Strike 0-2: Ground out 6-3 (Groundball, 6, EV 100.6 MPH)
|
Top of the 7th over - 0 runs, 1 hit, 0 errors, 1 left on base; San Diego (APP) 1 - Chicago (APP) 6 |
BOTTOM OF THE 7TH |
Chicago (APP) Cubs batting - Pitching for San Diego (APP) Padres : LHP A.J. Jantz
|
Batting: RHB Tak-keung Chieu
|
0-0: Ball 1-0: SINGLE (Flyball, 3D, EV 98.1 MPH)
|
Pitching: LHP Alex Brody
|
|
Batting: RHB John Beddow
|
0-0: Called Strike 0-1: Swinging Strike 0-2: Foul Ball, location: 2F 0-2: Ball 1-2: Foul Ball, location: 2F 1-2: SINGLE (Line Drive, 8RS, EV 109.4 MPH) Tak-keung Chieu to second Runner from 2nd tries for 3rd, SAFE, throw by CF made to third
|
Batting: RHB John Madden
|
0-0: SINGLE (Groundball, 6MD, EV 102.5 MPH) Tak-keung Chieu scores John Beddow to second
|
Batting: RHB Jake Mitchell
|
0-0: SINGLE (Line Drive, 5L, EV 100.0 MPH) John Beddow to third John Madden to second
|
Batting: RHB Ricky Lule
|
0-0: Ball 1-0: Ball 2-0: Foul Ball, location: 2F 2-1: Fly out, F8 (Flyball, 8RD, EV 88.1 MPH) Runner from 3rd tags up, SCORES, throw by CF
|
Batting: RHB Jonathan Ridgely
|
0-0: Foul Ball, location: 2F 0-1: Swinging Strike 0-2: Ball 1-2: Strikes out looking
|
Batting: RHB Michael Jackson
|
0-0: Foul Ball, location: 2F 0-1: Ball 1-1: Ball 2-1: Foul Ball, location: 2F 2-2: Foul Ball, location: 2F 2-2: Ball 3-2: Foul Ball, location: 2F 3-2: Base on Balls John Madden to third Jake Mitchell to second
|
Batting: RHB Garrett Granata
|
0-0: Reached on error, E8 (Flyball, 89M, EV 80.6 MPH) John Madden scores Jake Mitchell scores Michael Jackson to third
|
Batting: RHB Francisco Ramirez
|
0-0: Ball 1-0: Foul Ball, location: 2F 1-1: Foul Ball, location: 2F 1-2: Fly out, F8 (Flyball, 8RM, EV 88.8 MPH)
|
Bottom of the 7th over - 4 runs, 4 hits, 1 error, 2 left on base; San Diego (APP) 1 - Chicago (APP) 10 |
TOP OF THE 8TH |
San Diego (APP) Padres batting - Pitching for Chicago (APP) Cubs : RHP Carlos Zavala
|
Batting: LHB Paul Adams
|
0-0: Called Strike 0-1: Called Strike 0-2: Ball 1-2: Hit by Pitch
|
Pinch Runner at 1st Tyler West:
|
|
Batting: RHB Mike Maserang
|
0-0: Grounds into double play, 4-6-3 (Groundball, 34, EV 109.4 MPH)
|
Batting: RHB Antonio Lara
|
0-0: Ball 1-0: Foul Ball, location: 2F 1-1: Ball 2-1: Called Strike 2-2: Strikes out looking
|
Top of the 8th over - 0 runs, 0 hits, 0 errors, 0 left on base; San Diego (APP) 1 - Chicago (APP) 10 |
BOTTOM OF THE 8TH |
Chicago (APP) Cubs batting - Pitching for San Diego (APP) Padres : LHP Alex Brody
|
Now in CF: Tyler West
|
|
Batting: RHB Tak-keung Chieu
|
0-0: SOLO HOME RUN (Flyball, 7D, EV 101.3 MPH), Distance : 380 ft
|
Batting: RHB John Beddow
|
0-0: Ball 1-0: Ball 2-0: Ball 3-0: Base on Balls
|
Pitching: LHP Juan Chapa
|
|
Batting: RHB John Madden
|
0-0: Called Strike 0-1: Ball Wild Pitch! John Beddow to second 1-1: Ball 2-1: Ball 3-1: Swinging Strike 3-2: SINGLE (Groundball, 6MD, EV 106.3 MPH) John Beddow to third Throwing error, E8 John Beddow scores John Madden to second
|
Batting: RHB Jake Mitchell
|
0-0: Foul Ball, location: 2F 0-1: Foul Ball, location: 2F 0-2: Ball 1-2: SINGLE (Line Drive, 6D, EV 98.8 MPH) John Madden to third
|
Batting: RHB Ricky Lule
|
0-0: Foul Ball, location: 2F 0-1: Swinging Strike 0-2: Fly out, F3 (Popup, 3L, EV 69.4 MPH)
|
Batting: RHB Jonathan Ridgely
|
0-0: Ball 1-0: Ball 2-0: Ball 3-0: Called Strike 3-1: Called Strike 3-2: Foul Ball, location: 2F 3-2: Base on Balls Jake Mitchell to second
|
Batting: RHB Michael Jackson
|
0-0: Called Strike 0-1: Reached on error, E6 (Groundball, 6, EV 102.5 MPH) John Madden scores Jake Mitchell to third Jonathan Ridgely to second
|
Batting: RHB Garrett Granata
|
0-0: Foul Ball, location: 2F 0-1: DOUBLE (Flyball, 78XD, EV 106.3 MPH) Jake Mitchell scores Jonathan Ridgely scores Michael Jackson to third Runner from 3rd tries for Home, SAFE, no throw by CF
|
Batting: RHB Francisco Ramirez
|
0-0: Ball 1-0: Called Strike 1-1: Called Strike 1-2: Ground out 5-3 (Groundball, 25, EV 78.1 MPH)
|
Batting: RHB Tak-keung Chieu
|
0-0: Foul Ball, location: 2F 0-1: Foul Ball, location: 2F 0-2: Strikes out swinging
|
Bottom of the 8th over - 6 runs, 4 hits, 2 errors, 1 left on base; San Diego (APP) 1 - Chicago (APP) 16 |
TOP OF THE 9TH |
San Diego (APP) Padres batting - Pitching for Chicago (APP) Cubs : RHP Carlos Zavala
|
Pitching: RHP Manny Valero
|
|
Pinch Hitting: RHB Bill Campbell
|
0-0: Fly out, F9 (Line Drive, 9D, EV 95.0 MPH)
|
Batting: RHB Ruben Luis
|
0-0: Called Strike 0-1: Foul Ball, location: 2F 0-2: Ball 1-2: Fly out, F9 (Flyball, 9LS, EV 75.0 MPH)
|
Pinch Hitting: RHB Mario Velazquez
|
0-0: DOUBLE (Line Drive, 89D, EV 102.5 MPH)
|
Batting: SHB Ryan Brown
|
0-0: Ball 1-0: SINGLE (Groundball, 56D, EV 94.4 MPH) Mario Velazquez to third
|
Batting: RHB Justin Blount
|
0-0: Ball 1-0: Foul Ball, location: 2F 1-1: Ball 2-1: Ground out 2-3 (Groundball, 15S, EV 65.0 MPH)
|
Top of the 9th over - 0 runs, 2 hits, 0 errors, 2 left on base; San Diego (APP) 1 - Chicago (APP) 16 |
|